 Dungeon Crawl Stone Soup version 0.19-a0-1704-gbd66c22 (webtiles) character file.

935 4thArraOfDagon the Grappler (level 7, 66/66 HPs)
             Began as a Troll Wanderer on Sept 27, 2016.
             Quit the game on level 4 of the Dungeon.
             The game lasted 00:05:36 (1345 turns).

4thArraOfDagon the Grappler (Troll Wanderer)        Turns: 1345, Time: 00:05:36

Health: 66/66      AC:  8    Str: 23    XL:     7   Next: 87%
Magic:  6/6        EV:  9    Int: 10    God:
Gold:   72         SH:  0    Dex:  7    Spells: 0 memorised, 6 levels left

rFire  + . .     SeeInvis .       - Unarmed
rCold  . . .     Gourm    +     m - +2 robe {rF+}
rNeg   . . .     Faith    .     (no shield)
rPois  .         Spirit   .     (helmet restricted)
rElec  .         Dismiss  .     (no cloak)
rCorr  .         Reflect  .     (gloves unavailable)
MR     .....     Harm     .     (boots unavailable)
Stlth  +.........               (no amulet)
                                (no ring)
                                (no ring)

@: no status effects
A: unfitting armour, claws 3, fast metabolism 3, gourmand, regeneration 1,
shaggy fur 1, tough skin 2
a: no special abilities


You were on level 4 of the Dungeon.
You were not hungry.

You visited 1 branch of the dungeon, and saw 7 of its levels.

You collected 88 gold pieces.
You spent 16 gold pieces at shops.

Inventory:

Missiles
 n - 5 large rocks (quivered)
Armour
 d - a +0 robe
 m - a +2 robe of fire resistance (worn)
Scrolls
 b - a scroll of teleportation
 h - a scroll of enchant weapon
 o - a scroll of remove curse {unknown}
 p - 3 scrolls of noise {unknown}
 q - a scroll of fear {unknown}
Potions
 c - a potion of magic {unknown}
 e - a potion of agility {unknown}
 g - a potion of ambrosia {unknown}
 i - a potion of heal wounds {unknown}
 j - a potion of brilliance {unknown}
 k - a potion of curing {unknown}
 l - a potion of resistance
Miscellaneous
 a - a fan of gales
Comestibles
 f - 3 bread rations


   Skills:
 - Level 2.4 Fighting
   Level 1.0(2.0) Maces & Flails
   Level 2.4(2.5) Staves
 - Level 1.0 Dodging
   Level 1.0 Shields
 * Level 9.0 Unarmed Combat
 - Level 1.0 Evocations


You had 6 spell levels left.
You didn't know any spells.

Dungeon Overview and Level Annotations

Branches:
Dungeon (7/15)
 Temple: D:4-7

Altars:
Ru
Trog

Shops:
D:5 (   D:7 [

Annotations:
D:3 Grinder


Innate Abilities, Weirdness & Mutations

You are too large for most types of armour.
You have claws for hands.
Your metabolism is lightning-fast.
You like to eat raw meat.
Your natural rate of healing is unusually fast.
You are covered in fur. (AC +1)
You have very tough skin. (AC +2)


Message History

The ogre hits you with a giant club!!
You claw the ogre!
You kill the ogre!
You see here a giant club.
You barely miss the scorpion. Your claw misses the scorpion.
The scorpion stings you but does no damage.
You mangle the scorpion!!
You kill the scorpion!
Your Unarmed Combat skill increases to level 9!
No target in view!
No target in view!
No target in view!
You see here a scorpion corpse.
q - a scroll labeled KUM NUILAM
Found a stone staircase leading up.
There is a stone staircase leading up here.
There is a stone staircase leading up here.
Found a plate armour.
You see here a helmet.
Are you sure you want to abandon this character and quit the game? (Confirm with "yes".)

############ #..........#
##########..........# ##
.##.....##..........# ##.
.........#..........#### ##..
................@.....[#######...
.................................
................[.......###......
...<.............................
....>...............#.#..#..##...
.................................
..........####....##..###.####...
.##.....#..#....####.............
########.........#...####.###...#


There were no monsters in sight!

Vanquished Creatures
  Eustachio (D:6)
  An ice beast (D:7)
  An ogre (D:4)
  A centaur (D:4)
  The ghost of p0werm0de the Digger, an amateur VSEE (D:4)
  4 scorpions
  A howler monkey (D:7)
  A centaur zombie (D:7)
  An orc priest (D:6)
  A hound (D:4)
  A jelly (D:5)
  An iguana (D:7)
  A hound zombie (D:7)
  5 adders
  A shadow imp (D:5)
  An adder skeleton (D:7)
  2 leopard geckos
  3 orcs (D:6)
  2 bats (D:1)
  A giant cockroach (D:1)
  A goblin (D:5)
  4 jackals (D:5)
  A quokka (D:4)
  A frilled lizard (D:1)
  A quokka zombie (D:6)
39 creatures vanquished.

Notes
Turn   | Place    | Note
-------+----------+-------------------------------------------
     0 | D:1      | 4thArraOfDagon the Troll Wanderer began the quest for the Orb.
     0 | D:1      | 4thArraOfDagon set off with: a fan of gales, a potion of lignification, a +0 quarterstaff, a +0 robe, 2 bread rations
     0 | D:1      | Reached XP level 1. HP: 22/22 MP: 0/0
    37 | D:1      | Reached skill level 1 in Unarmed Combat
    93 | D:3      | Noticed Grinder
   101 | D:4      | Noticed a scorpion
   114 | D:4      | Noticed a centaur
   121 | D:4      | Killed a centaur
   121 | D:4      | Reached skill level 3 in Unarmed Combat
   121 | D:4      | Reached XP level 2. HP: 26/29 MP: 1/1
   121 | D:4      | Reached XP level 3. HP: 33/36 MP: 2/2
   121 | D:4      | Reached XP level 4. HP: 41/44 MP: 3/3
   134 | D:4      | Reached skill level 4 in Unarmed Combat
   135 | D:4      | Reached XP level 5. HP: 31/50 MP: 4/4
   264 | D:4      | Noticed p0werm0de's ghost (amateur VSEE)
   295 | D:4      | Reached skill level 5 in Unarmed Combat
   341 | D:5      | Entered Level 5 of the Dungeon
   371 | D:5      | Found Ryegoqes's Antique Weapon Emporium.
   444 | D:6      | Noticed Eustachio
   462 | D:6      | Killed Eustachio
   462 | D:6      | Reached skill level 6 in Unarmed Combat
   462 | D:6      | Reached XP level 6. HP: 40/59 MP: 5/5
   692 | D:7      | Reached skill level 7 in Unarmed Combat
   701 | D:7      | Noticed an ice beast
   713 | D:7      | Killed an ice beast
   713 | D:7      | Reached XP level 7. HP: 56/66 MP: 6/6
   742 | D:7      | Found a sacrificial altar of Ru.
   743 | D:7      | Found a bloodstained altar of Trog.
   767 | D:7      | Found Ciekk's Antique Armour Emporium.
   775 | D:7      | Bought a glowing robe for 16 gold pieces
   929 | D:6      | Reached skill level 8 in Unarmed Combat
  1143 | D:4      | Killed p0werm0de's ghost
  1244 | D:4      | Reached skill level 9 in Unarmed Combat
  1345 | D:4      | Quit the game

Vault maps used:
D:1:      dpeg_arrival_long_road
D:2:      minmay_shallow_snake_nest, uniq_sigmund
D:3:      tgw_xom, kennysheep_generic_room_6, uniq_grinder, uniq_iyjb
D:5:      minmay_goblin_kobold_castle, serial_shops, shop, first_bread
D:6:      lightli_sewer_entry_pipes, uniq_eustachio, uniq_prince_ribbit1
D:7:      gammafunk_temple_overflow_pools, serial_shops, shop

Skill      XL: |  1  2  3  4  5  6  7 |
---------------+----------------------+-----
Unarmed Combat | 3 4 6 7 9 |  9.0
Fighting       | |  2.4
Maces & Flails | |  1.0
Staves         | |  2.4
Dodging        | |  1.0
Shields        | |  1.0
Evocations     | |  1.0

Action                   |  1- 3 |  4- 6 |  7- 9 || total
-------------------------+-------+-------+-------++-------
Melee: Unarmed           |    14 |    73 |    58 ||   145
       Punch             |     1 |     2 |     1 ||     4
  Use: Potion            |     1 |       |       ||     1
       Scroll            |       |     4 |       ||     4
  Eat: Chunk             |       |     2 |    10 ||    12
Armor: Skin              |     9 |    24 |       ||    33
       Robe              |     8 |    25 |    20 ||    53
Dodge: Dodged            |     7 |    22 |    19 ||    48
